[gd_scene load_steps=9 format=3 uid="uid://bkgq103y8iu3h"]

[ext_resource type="PackedScene" uid="uid://7gv6q50fuutj" path="res://usefulScripts/player/player_firstperson.tscn" id="1_kibtd"]
[ext_resource type="Script" path="res://usefulScripts/movement/floating.gd" id="2_tojo4"]

[sub_resource type="ProceduralSkyMaterial" id="ProceduralSkyMaterial_5fj5y"]
sky_horizon_color = Color(0.64625, 0.65575, 0.67075, 1)
ground_horizon_color = Color(0.64625, 0.65575, 0.67075, 1)

[sub_resource type="Sky" id="Sky_o60ic"]
sky_material = SubResource("ProceduralSkyMaterial_5fj5y")

[sub_resource type="Environment" id="Environment_evvro"]
background_mode = 2
sky = SubResource("Sky_o60ic")

[sub_resource type="BoxMesh" id="BoxMesh_agx2e"]
size = Vector3(100, 1, 100)

[sub_resource type="ConvexPolygonShape3D" id="ConvexPolygonShape3D_0y86u"]
points = PackedVector3Array(-50, -0.5, -50, -50, 0.5, -50, 50, -0.5, -50, -50, -0.5, 50, -50, 0.5, 50, 50, 0.5, -50, 50, -0.5, 50, 50, 0.5, 50)

[sub_resource type="PrismMesh" id="PrismMesh_5s0wh"]

[node name="floating" type="Node3D"]

[node name="WorldEnvironment" type="WorldEnvironment" parent="."]
environment = SubResource("Environment_evvro")

[node name="DirectionalLight3D" type="DirectionalLight3D" parent="."]
transform = Transform3D(-0.866025, -0.433013, 0.25, 0, 0.5, 0.866025, -0.5, 0.75, -0.433013, 0, 0, 0)
shadow_enabled = true

[node name="floor" type="StaticBody3D" parent="."]
transform = Transform3D(1, 0, 0, 0, 1, 0, 0, 0, 1, 0, -0.5, 0)

[node name="MeshInstance3D" type="MeshInstance3D" parent="floor"]
mesh = SubResource("BoxMesh_agx2e")
skeleton = NodePath("../..")

[node name="CollisionShape3D" type="CollisionShape3D" parent="floor"]
shape = SubResource("ConvexPolygonShape3D_0y86u")

[node name="Player" parent="." instance=ExtResource("1_kibtd")]
transform = Transform3D(1, 0, 0, 0, 1, 0, 0, 0, 1, 0, 1.0603, 21.5303)

[node name="wedge_x" type="MeshInstance3D" parent="."]
transform = Transform3D(1, 0, 0, 0, 1, 0, 0, 0, 1, 0, 5, 0)
mesh = SubResource("PrismMesh_5s0wh")
skeleton = NodePath("../outer_wedge_xyz")
script = ExtResource("2_tojo4")
movementRadius = Vector3(2, 0, 0)

[node name="wedge_y" type="MeshInstance3D" parent="."]
transform = Transform3D(1, 0, 0, 0, 1, 0, 0, 0, 1, 0, 5, 0)
mesh = SubResource("PrismMesh_5s0wh")
skeleton = NodePath("../outer_wedge_xyz")
script = ExtResource("2_tojo4")
movementRadius = Vector3(0, 2, 0)
timeOffset = Vector3(0, 1, 0)

[node name="wedge_xy" type="MeshInstance3D" parent="."]
transform = Transform3D(1, 0, 0, 0, 1, 0, 0, 0, 1, 0, 5, 0)
mesh = SubResource("PrismMesh_5s0wh")
skeleton = NodePath("../outer_wedge_xyz")
script = ExtResource("2_tojo4")
movementRadius = Vector3(2, 2, 0)
timeOffset = Vector3(0, 1, 0)

[node name="outer_wedge_xyz" type="Node3D" parent="."]
transform = Transform3D(1, 0, 0, 0, 1, 0, 0, 0, 1, 0, 5, 0)
script = ExtResource("2_tojo4")
movementRadius = Vector3(4, 4, 4)
timeOffset = Vector3(0, 1, 0)

[node name="wedge_xyz" type="MeshInstance3D" parent="outer_wedge_xyz"]
mesh = SubResource("PrismMesh_5s0wh")
skeleton = NodePath("../..")
script = ExtResource("2_tojo4")
timeOffset = Vector3(0, 1, 0)
speed = Vector3(10, 10, 2.3)

[node name="outer_wedge_xyz_2" type="Node3D" parent="."]
script = ExtResource("2_tojo4")
movementRadius = Vector3(10, 0, 10)
timeOffset = Vector3(0, 0, 1)

[node name="wedge_xyz_2" type="MeshInstance3D" parent="outer_wedge_xyz_2"]
transform = Transform3D(1, 0, 0, 0, 1, 0, 0, 0, 1, 0, 5, 0)
mesh = SubResource("PrismMesh_5s0wh")
skeleton = NodePath("../..")
script = ExtResource("2_tojo4")
timeOffset = Vector3(0, 1, 0)
speed = Vector3(10, 10, 2.3)
